 Dungeon Crawl Stone Soup version 0.26-b1-32-g5d43845318 (webtiles) character file.

Game seed: 12428600733001675999

172 Arum the Shield-Bearer (level 5, 0/43 HPs)
             Began as a Formicid Fighter on Jan 8, 2021.
             Slain by an orc priest
             ... wielding a +0 flail
              (5 damage)
             ... on level 4 of the Dungeon.
             The game lasted 00:03:23 (2771 turns).

Arum the Shield-Bearer (Formicid Fighter)           Turns: 2771, Time: 00:03:23

Health: 0/43       AC:  8    Str: 21    XL:     5   Next: 83%
Magic:  5/5        EV:  8    Int:  7    God:
Gold:   60         SH: 10    Dex: 11    Spells: 4/4 levels left

rFire    . . .     SeeInvis +   a - +0 long sword
rCold    . . .     Faith    .   c - +0 kite shield
rNeg     . . .     Spirit   .   b - +0 scale mail
rPois    .         Reflect  .   (helmet unavailable)
rElec    .         Harm     .   (no cloak)
rCorr    .         Rampage  .   o - +0 pair of gloves
Will     .....                  (no boots)
Stlth    +.........             k - amulet of magic regeneration
HPRegen  0.14/turn              p - ring of stealth
MPRegen  0.34/turn              (no ring)

@: no status effects
A: permanent stasis, dig shafts and tunnels, four strong arms, antennae 3
a: Dig, Shaft Self


You were on level 4 of the Dungeon.
You visited 1 branch of the dungeon, and saw 4 of its levels.

You collected 60 gold pieces.

Inventory:

Hand Weapons
 a - a +0 long sword (weapon)
Armour
 b - a +0 scale mail (worn)
 c - a +0 kite shield (worn)
 o - a +0 pair of gloves (worn)
Jewellery
 k - an amulet of magic regeneration (around neck)
 p - a ring of stealth (left hand)
Scrolls
 g - 3 scrolls of blinking {unknown}
 h - 3 scrolls of identify {unknown}
 j - 2 scrolls of remove curse {unknown}
 n - a scroll of enchant armour {unknown}
 q - a scroll of fog {unknown}
Potions
 d - 3 potions of might
 e - a potion of heal wounds {unknown}
 f - 2 potions of curing {unknown}
 i - 2 potions of mutation {unknown}
 l - a potion of resistance {unknown}
 m - 2 potions of cancellation {unknown}


   Skills:
 + Level 4.3 Fighting
 + Level 3.1 Long Blades
 + Level 4.3 Armour
 + Level 4.8 Shields


You had 4 spell levels left.
You didn't know any spells.
Your spell library was empty.

Dungeon Overview and Level Annotations

Branches:
Dungeon (4/15)
 Temple: D:4-7

Altars:
Ashenzari


Innate Abilities, Weirdness & Mutations

You cannot be hasted, slowed, berserked, paralysed or teleported.
You can dig through walls and to a lower floor.
Your four strong arms can wield two-handed weapons with a shield.
You have a pair of large antennae on your head. (SInv)


Message History

The orc priest hits you but does no damage.
You closely miss the orc priest.
The orc priest is moderately wounded.
The orc priest hits you but does no damage.
You closely miss the orc priest.
The orc priest is moderately wounded.
The orc priest hits you but does no damage.
You block the orc priest's attack.
You hit the orc priest.
The orc priest is heavily wounded.
The orc priest mumbles some strange prayers to Beogh against you.
Beogh smites you!
* * * LOW HITPOINT WARNING * * *
You hit the orc priest.
The orc priest is almost dead.
The orc priest barely misses you.
You hit the orc priest.
The orc priest is almost dead.
The orc priest hits you with a +0 flail.
You die...

. ..##.)....oo.##
........{.......#
.....###..o.o....#
.... #.###.##...
.....####.#..### .
........<.o......
..####.###......
####.##o..#..
#@#......###.
##o#.##..# ###.#
.$# #.. ... ....
.. .##.. . # #..
...


You could see an orc priest.

Vanquished Creatures
  An orc wizard (D:4)
  Natasha (D:3)
  3 adders
  A worm (D:2)
  2 dart slugs (D:1)
  2 leopard geckos
  5 orcs
  A ball python (D:2)
  5 giant cockroaches
  10 goblins
  9 hobgoblins
  4 jackals (D:2)
  6 kobolds
  3 quokkas
  6 bats
  4 frilled lizards
  14 rats
77 creatures vanquished.

Notes
Turn   | Place    | Note
-------+----------+-------------------------------------------
     0 | D:1      | Arum the Formicid Fighter began the quest for the Orb.
     0 | D:1      | Reached XP level 1. HP: 18/18 MP: 1/1
    52 | D:1      | Reached XP level 2. HP: 20/24 MP: 2/2
   410 | D:1      | Reached XP level 3. HP: 27/29 MP: 3/3
   984 | D:2      | Reached XP level 4. HP: 25/37 MP: 4/4
  1098 | D:2      | Found a faded altar of an unknown god.
  1336 | D:2      | Found a broken altar of Ashenzari.
  1698 | D:3      | Reached XP level 5. HP: 40/42 MP: 5/5
  2037 | D:3      | Noticed Natasha
  2042 | D:3      | Killed Natasha
  2771 | D:4      | Slain by an orc priest

Illustrated notes

Levels and vault maps discovered:
D:1:      lemuel_arrival_room, layout_loops_corners
D:2:      layout_rooms, general_overflow_altar,
          chequers_ecumenical_altar_simple_redux, chequers_serial_rivers_micro_b
D:3:      layout_loops_ring, minivault_19, uniq_natasha
D:4:      layout_rooms, minitemple, nicolae_dithmenos_shadow_blocks,
          fedhas_altar_3, uniq_pikel, uniq_blork_the_orc

Skill      XL: |  1  2  3  4  5 |
---------------+----------------+-----
Shields        | 4 |  4.8
Armour         | 4 |  4.3
Fighting       | 4 |  4.3
Long Blades    | 3 |  3.1

Action                   |  1- 3 |  4- 6 || total
-------------------------+-------+-------++-------
Melee: Long sword        |    94 |   137 ||   231
 Abil: Dig               |     1 |     2 ||     3
Armor: Scale mail        |    42 |    47 ||    89
Dodge: Dodged            |    32 |    34 ||    66
Block: Kite shield       |    58 |    59 ||   117
       Rpst.: Long sword |     9 |    15 ||    24
